[Event "fics rated crazyhouse match"]
[Site "fics, Oklahoma City, OK USA"]
[Date "2000.11.22"]
[White "roboRPETE"]
[WhiteElo "2358"]
[Black "Flesh"]
[BlackElo "2175"]
[TimeControl "0+1"]
[Result "1-0"]

1. e4 d5 2. exd5 e6 3. Bb5+ Bd7 4. Qe2 Bxb5 5. Qxb5+ c6 6. Qxb7 
exd5 7. Qxa8 Nf6 8. R@e5+ P@e6 9. Qxa7 Bd6 10. Rxe6+ fxe6 11. B@f7+ Kf8 
12. d3 B@b6 13. Qb7 R@c7 14. Qxb6 Rxf7 15. Qxd8+ B@e8 16. Qxd6# 
{Flesh resigns} 1-0

[Event "fics rated crazyhouse match"]
[Site "fics, Oklahoma City, OK USA"]
[Date "2000.11.22"]
[White "RFrancisco"]
[WhiteElo "2348"]
[Black "LINDEGREN"]
[BlackElo "2348"]
[TimeControl "120+0"]
[Result "1-0"]

1. e4 Nf6 2. Nc3 Nc6 3. d4 e6 4. Nf3 Bb4 5. e5 Ne4 6. Bd3 
d5 7. exd6 Nxd6 8. O-O Bxc3 9. bxc3 P@e4 10. B@h4 f6 11. Bxe4 Nxe4 
12. P@e5 N@f5 13. Qd3 B@d5 14. exf6 gxf6 15. P@e5 Nxh4 16. Nxh4 B@c4 17. exf6 
Bxd3 18. cxd3 P@e2 19. B@h5+ Kd7 20. Bxe2 Qxf6 21. dxe4 Bxe4 22. N@c5+ Kd8 
23. P@g5 Bxg2 24. Nxg2 Qf8 25. B@f6+ P@e7 26. Bxh8 P@h3 27. P@g7 Qe8 28. R@f8 
Bd7 29. Rxe8+ Bxe8 30. Nxb7+ Kc8 31. Ba6 Kb8 32. Nc5 R@h1+ 33. Kxh1 hxg2+ 
34. Kxg2 N@h4+ 35. Kh3 Q@f3+ 36. Kxh4 Qh5+ 37. Kg3 P@h4+ 38. Kg2 Qg4+ 39. Kh1 
Qf3+ 40. P@g2 Qxg2+ 41. Kxg2 
{LINDEGREN forfeits on time} 1-0

[Event "fics rated crazyhouse match"]
[Site "fics, Oklahoma City, OK USA"]
[Date "2000.11.22"]
[White "LINDEGREN"]
[WhiteElo "2340"]
[Black "RFrancisco"]
[BlackElo "2356"]
[TimeControl "120+0"]
[Result "0-1"]

1. e4 e5 2. Nc3 Nc6 3. Nf3 Bc5 4. Bc4 Nf6 5. O-O O-O 6. d3 
d6 7. Be3 Bg4 8. h3 Bh5 9. Na4 Nd4 10. Nxc5 dxc5 11. Bxd4 cxd4 
12. N@f5 N@f4 13. B@e2 B@d7 14. Ng3 Bxh3 15. gxh3 Nxh3+ 16. Kh2 Nf4 17. Nxh5 
N6xh5 18. B@g4 P@g2 19. Rg1 P@e3 20. Bxh5 exf2 21. Bcxf7+ Rxf7 22. Bxf7+ Kxf7 
23. N@g5+ Kg8 24. P@f7+ Kh8 25. R@g8+ Qxg8 26. fxg8=Q+ Kxg8 27. B@e6+ Nxe6 28. Rxg2 
B@f4+ 29. P@g3 R@h5+ 30. Nh3 Rxh3+ 31. Kxh3 P@g4+ 32. Kh2 gxf3 33. Q@e7 fxg2 
34. Kh3 R@h6+ 35. Kxg2 B@h3+ 36. Kxf2 B@e3+ 37. Kf3 P@g4# 
{LINDEGREN checkmated} 0-1

[Event "fics rated crazyhouse match"]
[Site "fics, Oklahoma City, OK USA"]
[Date "2000.11.22"]
[White "RFrancisco"]
[WhiteElo "2364"]
[Black "LINDEGREN"]
[BlackElo "2332"]
[TimeControl "120+0"]
[Result "0-1"]

1. e4 Nf6 2. Nc3 Nc6 3. d4 d5 4. exd5 Nxd5 5. Nf3 e6 6. Bd3 
Bb4 7. Bd2 P@a3 8. Nxd5 Bxd2+ 9. Qxd2 axb2 10. Rb1 exd5 11. O-O P@h3 
12. Rfe1+ B@e7 13. N@h5 Rg8 14. Bxh7 Kf8 15. gxh3 Bxh3 16. P@g6 N@e4 17. Rxe4 
dxe4 18. Bxg8 P@g2 19. N@e6+ Bxe6 20. Bxf7 N@h3+ 21. Kxg2 exf3+ 22. Kh1 Bxf7 
23. R@h8+ N@g8 24. Rxg8+ Bxg8 25. P@g2 R@c1+ 26. Rxc1 bxc1=Q+ 27. Qxc1 Nxf2+ 28. Kg1 
Nh3+ 29. gxh3 R@g2+ 30. Kh1 R@g1+ 31. Qxg1 
{RFrancisco resigns} 0-1

[Event "fics rated crazyhouse match"]
[Site "fics, Oklahoma City, OK USA"]
[Date "2000.11.22"]
[White "LINDEGREN"]
[WhiteElo "2341"]
[Black "RFrancisco"]
[BlackElo "2355"]
[TimeControl "120+0"]
[Result "0-1"]

1. e4 e5 2. Nc3 Nc6 3. Nf3 Bc5 4. Bc4 Nf6 5. O-O O-O 6. d3 
d6 7. Be3 Bg4 8. h3 Bh5 9. Bxc5 dxc5 10. B@e2 Bxf3 11. Bxf3 Nd4 
12. B@h4 B@e7 13. Bxf6 Bxf6 14. N@f5 N@f4 15. Nd5 Nxf3+ 16. Qxf3 B@e2 17. Qg3 
B@h4 18. Nxf6+ Qxf6 19. Nxh4 Nxh3+ 20. Qxh3 P@g4 21. Qh2 N@h3+ 22. gxh3 Qxh4 
23. B@g2 gxh3 24. N@e7+ Kh8 25. B@g3 hxg2 26. f3 Qxh2+ 27. Kxh2 gxf1=N+ 28. Rxf1 
P@h3 29. N@g6+ hxg6 30. Q@h7+ Kxh7 31. N@g5+ Kh8 32. Nxf7+ Rxf7 33. Nxg6+ Kh7 
{LINDEGREN resigns} 0-1

[Event "fics rated crazyhouse match"]
[Site "fics, Oklahoma City, OK USA"]
[Date "2000.11.22"]
[White "valdushka"]
[WhiteElo "2223"]
[Black "jiggaman"]
[BlackElo "2313"]
[TimeControl "60+0"]
[Result "1-0"]

1. e4 e6 2. Nc3 Nc6 3. d4 Bb4 4. Nf3 Nf6 5. Bd3 d5 6. exd5 
exd5 7. Ne5 Nxd4 8. Nxf7 Kxf7 9. Be3 Qe7 10. O-O Bxc3 11. bxc3 P@e2 
12. Bxe2 Nxe2+ 13. Qxe2 Ne4 14. B@d4 P@f6 15. P@f3 B@a6 16. P@d3 N@h4 17. fxe4 
dxe4 18. P@g3 Nxg2 19. f3 Nxe3 20. Bxe3 exf3 21. Qxf3 N@e5 22. N@g5+ Ke8 
23. Qd5 B@e6 24. Nxe6 Bxe6 25. Qg2 P@f3 26. Rxf3 Nxf3+ 27. Qxf3 N@h3+ 28. Kf1 
P@e2+ 29. Kxe2 P@g4 30. Qf1 Bxd3+ 31. cxd3 P@f3+ 32. Kd2 Bd5 33. B@d1 R@e2+ 
34. Bxe2 fxe2 35. Qxe2 Bf3 36. Qe1 B@g5 37. B@a4+ Kf8 38. P@f4 Bxf4 39. gxf4 
P@f2 40. Bxf2 Qxe1+ 41. Rxe1 Q@b2+ 42. Q@c2 Qxc2+ 43. Bxc2 
{jiggaman forfeits on time} 1-0

[Event "fics rated crazyhouse match"]
[Site "fics, Oklahoma City, OK USA"]
[Date "2000.11.22"]
[White "jiggaman"]
[WhiteElo "2288"]
[Black "valdushka"]
[BlackElo "2233"]
[TimeControl "60+0"]
[Result "1-0"]

1. e4 Nf6 2. Nc3 d5 3. exd5 Nxd5 4. d4 Nxc3 5. bxc3 e5 6. Nf3 
exd4 7. cxd4 P@c3 8. P@b2 cxb2 9. Bxb2 N@e4 10. Bd3 Bf5 11. O-O P@h3 
12. gxh3 Bxh3 13. Bxe4 Bxf1 14. Qxf1 Nc6 15. Bxc6+ bxc6 16. P@e6 R@e7 17. P@d7+ 
Rxd7 18. exd7+ Qxd7 19. N@e5 B@e6 20. Nxd7 Bxd7 21. B@b7 Rd8 22. N@e5 Bd6 
23. Nxd7 Rxd7 24. Bxc6 N@b8 25. Bxd7+ Nxd7 26. P@e6 O-O 27. exf7+ Rxf7 28. R@e8+ 
N@f8 29. B@e6 B@g6 30. P@f5 Nf6 31. fxg6 Nxe8 32. gxf7# 
{valdushka resigns} 1-0

[Event "fics rated crazyhouse match"]
[Site "fics, Oklahoma City, OK USA"]
[Date "2000.11.22"]
[White "valdushka"]
[WhiteElo "2226"]
[Black "jiggaman"]
[BlackElo "2304"]
[TimeControl "60+0"]
[Result "0-1"]

1. e4 e6 2. Nc3 Nc6 3. d4 Bb4 4. d5 Nf6 5. dxc6 Nxe4 6. Qd3 
Bxc3+ 7. bxc3 Nxf2 8. Kxf2 Qf6+ 9. B@f3 bxc6 10. N@f4 d5 11. N@g4 Qe7 
12. Ne5 P@d7 13. Ngh3 P@e4 14. Bxe4 dxe4 15. Qxe4 P@d5 16. Qe2 B@d6 17. Ned3 
Bxf4 18. Bxf4 N@e4+ 19. Ke1 Nxc3 20. Qd2 Ne4 21. Qe2 P@c4 22. B@e3 cxd3 
23. cxd3 Qb4+ 24. P@d2 N@c2+ 25. Kd1 Nxa1 26. dxe4 dxe4 27. P@c2 Qb1+ 28. N@c1 
Qxc2+ 29. Ke1 Qxc1+ 30. Kf2 N@d3+ 31. Qxd3 exd3 32. Bxd3 Qxh1 33. N@g1 Qxg2+ 
34. Kxg2 N@h4+ 35. Kf2 Q@g2+ 36. Ke1 R@c1+ 37. Q@d1 Rxd1+ 38. Kxd1 P@c2+ 39. Bxc2 
Nxc2 40. Kxc2 B@a4+ 41. Kc3 P@d4+ 42. Bxd4 P@b4+ 43. Kxb4 a5+ 44. Kxa4 Q@b4# 
{valdushka checkmated} 0-1

[Event "fics rated crazyhouse match"]
[Site "fics, Oklahoma City, OK USA"]
[Date "2000.11.22"]
[White "jiggaman"]
[WhiteElo "2318"]
[Black "Gnejs"]
[BlackElo "2424"]
[TimeControl "60+0"]
[Result "1-0"]

1. e4 Nf6 2. Nc3 d5 3. e5 Ne4 4. d4 Nxc3 5. bxc3 Nc6 6. Nf3 
e6 7. Bd3 N@e4 8. Bd2 Nxd2 9. Qxd2 B@g6 10. O-O Bxd3 11. cxd3 B@h5 
12. B@e2 Bxf3 13. Bxf3 N@g5 14. Bg4 h5 15. Bd1 h4 16. f4 h3 17. fxg5 
hxg2 18. Qxg2 Qd7 19. g6 fxg6 20. Qxg6+ P@f7 21. Rxf7 Kd8 22. Rxd7+ Bxd7 
23. B@g5+ P@e7 24. N@f7+ Kc8 25. Nxh8 R@e1+ 26. N@f1 Rxf1+ 27. Kxf1 N@h3 28. Bg4 
Nxg5 29. Qxg5 B@a6 30. P@e2 b6 31. R@g8 Kb7 32. Ng6 Nxd4 33. cxd4 P@b2 
34. Rb1 Bxd3 35. exd3 P@c2 36. Rxb2 a5 37. Rxc2 Bb5 38. P@c4 dxc4 39. dxc4 
P@e2+ 40. Kxe2 Bc6 41. d5 exd5 42. B@d7 P@d3+ 43. Kxd3 dxc4+ 44. Ke3 b5 
45. Bxc6+ Kxc6 46. N@d4+ Kc5 47. Q@c6+ Kb4 48. B@c3+ Ka3 49. P@b3 B@c1+ 50. Ke2 
P@f3# 
{Gnejs forfeits on time} 1-0

[Event "fics rated crazyhouse match"]
[Site "fics, Oklahoma City, OK USA"]
[Date "2000.11.22"]
[White "jiggaman"]
[WhiteElo "2340"]
[Black "Gnejs"]
[BlackElo "2408"]
[TimeControl "60+0"]
[Result "0-1"]

1. e4 Nf6 2. Nc3 d5 3. exd5 Nxd5 4. d4 Nxc3 5. bxc3 e5 6. Nf3 
exd4 7. cxd4 Nc6 8. Bb5 Bb4+ 9. Bd2 Qe7+ 10. P@e5 P@c3 11. O-O cxd2 
12. d5 B@e4 13. Bxc6+ bxc6 14. e6 Bxd5 15. exf7+ Bxf7 16. Nxd2 P@e2 17. Qxe2 
Qxe2 18. Rae1 Qxe1 19. Rxe1+ R@e6 20. Rxe6+ Bcxe6 21. P@d7+ Bxd7 22. R@e4+ R@e6 
23. N@e5 Q@d1+ 24. N@f1 P@e2 25. Rxe2 Qxe2 26. Nxf7 Bxd2 27. Ng5 Qxf1# 
{jiggaman resigns} 0-1

[Event "fics rated crazyhouse match"]
[Site "fics, Oklahoma City, OK USA"]
[Date "2000.11.22"]
[White "Gnejs"]
[WhiteElo "2418"]
[Black "jiggaman"]
[BlackElo "2327"]
[TimeControl "60+0"]
[Result "1-0"]

1. d4 e6 2. Bf4 Nc6 3. e3 Nf6 4. Nf3 Nd5 5. Bg3 Bb4+ 6. c3 
Be7 7. Bd3 O-O 8. Nbd2 Nf6 9. e4 d6 10. Qe2 Bd7 11. Bc2 Rb8 
12. Qd3 b5 13. e5 dxe5 14. dxe5 P@e4 15. Nxe4 Nxe4 16. Qxe4 N@f5 17. N@h5 
Na5 18. Nxg7 Kxg7 19. P@f6+ Bxf6 20. exf6+ Qxf6 21. B@e5 P@e7 22. P@g5 Qxe5 
23. Bxe5+ f6 24. P@h6+ Kf7 25. gxf6 exf6 26. Bxf6 Kxf6 27. Q@g5+ Kf7 28. Ne5+ 
Ke8 29. Nxd7 Kxd7 30. Qgxf5 Rxf5 31. Qxf5 P@d2+ 32. Kf1 Q@e1+ 33. Rxe1 dxe1=Q+ 
34. Kxe1 B@d2+ 35. Kd1 exf5 36. Kxd2 Ke7 37. Q@g7+ Kd6 38. N@d5 
{jiggaman forfeits on time} 1-0

[Event "fics rated crazyhouse match"]
[Site "fics, Oklahoma City, OK USA"]
[Date "2000.11.23"]
[White "Kingwalker"]
[WhiteElo "2244"]
[Black "VABORIS"]
[BlackElo "2276"]
[TimeControl "60+0"]
[Result "0-1"]

1. e4 e6 2. d4 Nc6 3. Be3 Nf6 4. Bd3 d6 5. e5 dxe5 6. dxe5 
Nxe5 7. Nf3 Nxd3+ 8. cxd3 P@e4 9. Ne5 exd3 10. Nxd3 B@e4 11. N@f4 Bxd3 
12. Nxd3 P@e4 13. Ne5 P@d3 14. Na3 Bxa3 15. bxa3 N@c2+ 16. Kf1 Nxe3+ 17. fxe3 
B@e2+ 18. Qxe2 dxe2+ 19. Kxe2 Q@b2+ 20. Kf1 Qxa1# 
{Kingwalker resigns} 0-1

[Event "fics rated crazyhouse match"]
[Site "fics, Oklahoma City, OK USA"]
[Date "2000.11.23"]
[White "Gnejs"]
[WhiteElo "2427"]
[Black "RFrancisco"]
[BlackElo "2363"]
[TimeControl "120+0"]
[Result "1-0"]

1. d4 e6 2. Nf3 Nc6 3. Bf4 Nf6 4. e3 b6 5. Nbd2 Bb7 6. Bd3 
Ne7 7. c3 Ng6 8. Bg3 Be7 9. Qe2 d5 10. Ne5 Ne4 11. O-O O-O 
12. f3 Nxg3 13. hxg3 Nxe5 14. dxe5 c5 15. Kf2 N@h5 16. Rh1 Nxg3 17. Bxh7+ 
Kh8 18. Bc2+ Nxh1+ 19. Rxh1+ Bh4+ 20. P@g3 R@g6 21. gxh4 Qxh4+ 22. Rxh4# 
{RFrancisco resigns} 1-0

[Event "fics rated crazyhouse match"]
[Site "fics, Oklahoma City, OK USA"]
[Date "2000.11.23"]
[White "RFrancisco"]
[WhiteElo "2356"]
[Black "Gnejs"]
[BlackElo "2437"]
[TimeControl "120+0"]
[Result "0-1"]

1. e4 Nf6 2. Nc3 d5 3. e5 Ne4 4. d4 Nxc3 5. bxc3 e6 6. Nh3 
c5 7. Bb5+ Bd7 8. a4 N@e4 9. Bd2 Nc6 10. O-O a6 11. Bxc6 Bxc6 
12. f3 Nxd2 13. Qxd2 cxd4 14. cxd4 P@c5 15. N@d6+ Bxd6 16. exd6 cxd4 17. N@c7+ 
Qxc7 18. dxc7 B@e3+ 19. Qxe3 dxe3 20. B@c5 N@e2+ 21. Kh1 N@g3+ 22. hxg3 Nxg3+ 
23. Kh2 Nxf1+ 24. Rxf1 P@g3+ 25. Kxg3 P@f4+ 26. Kxf4 e5+ 27. Kxe3 d4+ 28. Kd3 
Q@e3# 
{RFrancisco resigns} 0-1

[Event "fics rated crazyhouse match"]
[Site "fics, Oklahoma City, OK USA"]
[Date "2000.11.24"]
[White "Gnejs"]
[WhiteElo "2446"]
[Black "spurs"]
[BlackElo "2199"]
[TimeControl "60+0"]
[Result "1-0"]

1. d4 e6 2. Nf3 d5 3. Bf4 Nf6 4. e3 Be7 5. Bd3 Ne4 6. Nbd2 
O-O 7. Nxe4 dxe4 8. Bxe4 Nc6 9. h4 N@f5 10. c3 Nxh4 11. Nxh4 Bxh4 
12. Bxh7+ Kxh7 13. N@g5+ Kg8 14. Rxh4 B@g6 15. B@c2 P@f5 16. P@h5 Bh7 17. Nxh7 
Qxh4 18. Nxf8 R@h1+ 19. B@f1 Rxf1+ 20. Kxf1 Qh1+ 21. R@g1 Qxh5 22. Qxh5 
{spurs resigns} 1-0

[Event "fics rated crazyhouse match"]
[Site "fics, Oklahoma City, OK USA"]
[Date "2000.11.24"]
[White "spurs"]
[WhiteElo "2196"]
[Black "Gnejs"]
[BlackElo "2450"]
[TimeControl "60+0"]
[Result "1-0"]

1. d4 Nf6 2. Nf3 d5 3. Bg5 e6 4. e3 Be7 5. Nc3 b6 6. Bb5+ 
c6 7. Be2 Bb7 8. Ne5 Nbd7 9. h4 Ne4 10. Nxe4 dxe4 11. Bxe7 Kxe7 
12. Nxf7 Kxf7 13. N@d6+ Kf8 14. Nxb7 Qc8 15. B@d6+ Kg8 16. Bh5 B@g6 17. P@e7 
N@d5 18. Nd8 N@e8 19. B@f7# 
{Gnejs resigns} 1-0

[Event "fics rated crazyhouse match"]
[Site "fics, Oklahoma City, OK USA"]
[Date "2000.11.24"]
[White "Gnejs"]
[WhiteElo "2432"]
[Black "spurs"]
[BlackElo "2209"]
[TimeControl "60+0"]
[Result "1-0"]

1. e4 e6 2. Nc3 d6 3. d4 Be7 4. Nf3 Bd7 5. Bd3 Nf6 6. O-O 
Nc6 7. e5 dxe5 8. dxe5 Nd5 9. Nxd5 exd5 10. N@h5 Rg8 11. Bxh7 Bg4 
12. Bxg8 Bxh5 13. R@h8 N@g6 14. Rxh5 N@f4 15. Bxf4 Nxf4 16. e6 fxe6 17. B@f7+ 
Kf8 18. N@h7# 
{spurs checkmated} 1-0

[Event "fics rated crazyhouse match"]
[Site "fics, Oklahoma City, OK USA"]
[Date "2000.11.24"]
[White "spurs"]
[WhiteElo "2205"]
[Black "Gnejs"]
[BlackElo "2437"]
[TimeControl "60+0"]
[Result "0-1"]

1. d4 Nf6 2. Nf3 Nc6 3. Bg5 Ne4 4. Nc3 Nxc3 5. bxc3 N@e4 6. e3 
Nxg5 7. Nxg5 B@f6 8. Nxf7 Kxf7 9. d5 Ne5 10. P@f4 Ng6 11. N@e5+ Nxe5 
12. N@g5+ Bxg5 13. fxe5 Ke8 14. Qh5+ N@f7 15. Bb5 c6 16. Bc4 cxd5 17. Bxd5 
P@e6 18. N@e4 exd5 19. Nxg5 B@g6 20. Qxg6 hxg6 21. Nxf7 Qc7 22. B@d4 Kxf7 
23. N@g5+ Ke8 24. B@f7+ Kd8 25. Bxd5 N@h6 26. Nf7+ Nxf7 27. Bxf7 Q@b2 28. Rd1 
Qxc2 29. O-O P@e2 30. Bc5 exf1=Q+ 31. Rxf1 Qxc5 32. N@d4 N@e2+ 33. Kh1 Nxd4 
34. e6 R@c1 35. h3 Rxf1# 
{spurs forfeits on time} 0-1

[Event "fics rated crazyhouse match"]
[Site "fics, Oklahoma City, OK USA"]
[Date "2000.11.24"]
[White "RFrancisco"]
[WhiteElo "2358"]
[Black "Gnejs"]
[BlackElo "2435"]
[TimeControl "180+0"]
[Result "0-1"]

1. e4 Nf6 2. Nc3 d5 3. exd5 Nxd5 4. d4 Nxc3 5. bxc3 e5 6. Nf3 
exd4 7. cxd4 Bb4+ 8. Bd2 Qe7+ 9. P@e5 Bxd2+ 10. Qxd2 N@e4 11. N@f5 Nxd2 
12. Nxg7+ Kd8 13. Nxd2 P@c3 14. Rd1 cxd2+ 15. Rxd2 B@c3 16. B@c1 Q@b1 17. N@b3 
P@b2 18. P@f6 bxc1=Q+ 19. Ke2 Qd1+ 20. Ke3 N@d5+ 21. Ke4 Nxf6# 
{RFrancisco resigns} 0-1

[Event "fics rated crazyhouse match"]
[Site "fics, Oklahoma City, OK USA"]
[Date "2000.11.24"]
[White "Gnejs"]
[WhiteElo "2442"]
[Black "RFrancisco"]
[BlackElo "2352"]
[TimeControl "180+0"]
[Result "1-0"]

1. e4 e6 2. d4 Nc6 3. Nc3 Nf6 4. Nf3 d6 5. d5 e5 6. dxc6 
bxc6 7. Bd3 Be7 8. h3 O-O 9. O-O Rb8 10. b3 P@g4 11. hxg4 Bxg4 
12. P@h3 Bxf3 13. Qxf3 N@h4 14. Qe2 d5 15. B@g5 Ng6 16. Bxf6 Bxf6 17. exd5 
cxd5 18. N@g4 P@e4 19. Bxe4 dxe4 20. Nxf6+ Qxf6 21. Nxe4 Qc6 22. P@f6 N@f4 
23. Bxf4 Nxf4 24. N@e7# 
{RFrancisco resigns} 1-0

[Event "fics rated crazyhouse match"]
[Site "fics, Oklahoma City, OK USA"]
[Date "2000.11.24"]
[White "RFrancisco"]
[WhiteElo "2346"]
[Black "Gnejs"]
[BlackElo "2449"]
[TimeControl "180+0"]
[Result "0-1"]

1. e4 Nf6 2. Nc3 d5 3. e5 Ne4 4. d4 e6 5. Nf3 Bb4 6. Bd2 
Nxd2 7. Qxd2 B@a5 8. N@h5 Rg8 9. Bd3 Bxc3 10. bxc3 N@e4 11. Bxe4 dxe4 
12. N@f6+ gxf6 13. Nxf6+ Qxf6 14. exf6 B@d6 15. P@e5 Bf8 16. B@g7 Bxg7 17. fxg7 
N@g6 18. B@f6 Nc6 19. Ng5 N@h4 20. Nxf7 Nxg2+ 21. Kf1 Kxf7 22. P@h5 B@a6+ 
23. Kg1 N6f4 24. h4 N@f3# 
{RFrancisco checkmated} 0-1

[Event "fics rated crazyhouse match"]
[Site "fics, Oklahoma City, OK USA"]
[Date "2000.11.24"]
[White "Gnejs"]
[WhiteElo "2455"]
[Black "RFrancisco"]
[BlackElo "2340"]
[TimeControl "180+0"]
[Result "1-0"]

1. e4 e5 2. Nf3 Nc6 3. Nc3 Bc5 4. Bc4 Nf6 5. d3 O-O 6. Bg5 
d6 7. Qd2 Nd4 8. O-O-O Be6 9. Bxe6 fxe6 10. B@c4 d5 11. Bxf6 Qxf6 
12. exd5 Nxf3 13. gxf3 B@f4 14. P@e3 Bfxe3 15. fxe3 Bxe3 16. Qxe3 B@f4 17. Qxf4 
exf4 18. Kb1 P@a3 19. B@c1 P@b4 20. N@e4 Qxc3 21. bxc3 bxc3 22. B@d4 Q@a1+ 
23. Kxa1 P@b2+ 24. Kb1 
{RFrancisco resigns} 1-0

[Event "fics rated crazyhouse match"]
[Site "fics, Oklahoma City, OK USA"]
[Date "2000.11.24"]
[White "RFrancisco"]
[WhiteElo "2335"]
[Black "Gnejs"]
[BlackElo "2461"]
[TimeControl "180+0"]
[Result "0-1"]

1. e4 Nf6 2. Nc3 d5 3. e5 Ne4 4. d4 Nxc3 5. bxc3 e6 6. Bd3 
N@e4 7. Bd2 Nxd2 8. Qxd2 B@g6 9. Nh3 Nc6 10. O-O Bd7 11. f4 Bxd3 
12. cxd3 B@f5 13. N@h5 Rg8 14. B@g5 Be7 15. Bxe7 Qxe7 16. B@f6 gxf6 17. Nxf6+ 
Qxf6 18. exf6 Bxh3 19. N@g7+ Kd8 20. gxh3 N@f5 21. Rae1 Nxg7 22. fxg7 Rxg7+ 
23. P@g5 N@h4 24. Q@f8+ B@e8 25. B@f6+ Kc8 26. N@e7+ Nxe7 27. Qxe7 N@c6 28. Bxg7 
Nxe7 29. R@g4 N@f3+ 30. Rxf3 Nxf3+ 31. Kh1 Nxd2 32. Bf6 B@f3# 
{RFrancisco resigns} 0-1

[Event "fics rated crazyhouse match"]
[Site "fics, Oklahoma City, OK USA"]
[Date "2000.11.24"]
[White "Gnejs"]
[WhiteElo "2466"]
[Black "RFrancisco"]
[BlackElo "2330"]
[TimeControl "180+0"]
[Result "1-0"]

1. e4 e6 2. d4 Nc6 3. Nc3 Bb4 4. a3 Bxc3+ 5. bxc3 Nge7 6. Bd3 
d6 7. Nf3 e5 8. d5 Bg4 9. dxc6 bxc6 10. h3 Bxf3 11. Qxf3 P@f4 
12. Qg4 Ng6 13. N@f5 Rg8 14. B@g5 N@f6 15. Nxg7+ Rxg7 16. Bxf6 Qxf6 17. B@g5 
Qxg5 18. P@d7+ Kf8 19. Qxg5 N@e6 20. Q@e8+ Rxe8 21. dxe8=Q+ Kxe8 22. N@f6# 
{RFrancisco resigns} 1-0

[Event "fics rated crazyhouse match"]
[Site "fics, Oklahoma City, OK USA"]
[Date "2000.11.24"]
[White "jiggaman"]
[WhiteElo "2315"]
[Black "Gobi"]
[BlackElo "2304"]
[TimeControl "60+0"]
[Result "0-1"]

1. e4 e5 2. Bc4 Nc6 3. d3 Nf6 4. Nf3 Bc5 5. O-O O-O 6. Bg5 
h6 7. Bh4 d6 8. h3 Be6 9. Nc3 Nd4 10. Nxd4 Bxd4 11. Bxf6 Qxf6 
12. N@d5 Qd8 13. N@f5 B@g5 14. Nxh6+ gxh6 15. P@e7 Bxe7 16. Nxe7+ Qxe7 17. Nd5 
Bxd5 18. exd5 P@g7 19. c3 Bb6 20. B@f5 N@g3 21. B@e4 N@e2+ 22. Kh2 Nxf1+ 
23. Qxf1 Bxf2 24. Qxf2 P@g3+ 25. Qxg3 Nxg3 26. P@h7+ Kh8 27. B@f2 N@f1+ 28. Rxf1 
Nxf1+ 29. Kg1 R@h1+ 30. Kxh1 Q@h2# 
{jiggaman checkmated} 0-1

[Event "fics rated crazyhouse match"]
[Site "fics, Oklahoma City, OK USA"]
[Date "2000.11.24"]
[White "Gobi"]
[WhiteElo "2312"]
[Black "jiggaman"]
[BlackElo "2299"]
[TimeControl "60+0"]
[Result "1-0"]

1. Nf3 e6 2. e4 Nc6 3. d4 Nf6 4. e5 Nd5 5. Be2 d6 6. O-O 
dxe5 7. Nxe5 Nxe5 8. dxe5 P@d6 9. c4 dxe5 10. cxd5 exd5 11. Nc3 Be6 
12. P@f5 Bd6 13. fxe6 fxe6 14. N@g5 P@f7 15. Nxd5 exd5 16. Qxd5 O-O 17. P@g6 
hxg6 18. P@h7+ Kh8 19. Nxf7+ Rxf7 20. Qxf7 Kxh7 21. N@g5+ Qxg5 22. Bxg5 N@f5 
23. R@h3+ P@h5 24. Bxh5 gxh5 25. Rxh5# 
{jiggaman resigns} 1-0

[Event "fics rated crazyhouse match"]
[Site "fics, Oklahoma City, OK USA"]
[Date "2000.11.24"]
[White "jiggaman"]
[WhiteElo "2285"]
[Black "Gobi"]
[BlackElo "2320"]
[TimeControl "60+0"]
[Result "1-0"]

1. e4 e5 2. Bc4 Nc6 3. d3 Bc5 4. Nf3 Nf6 5. O-O O-O 6. Bg5 
h6 7. Bh4 d6 8. h3 Be6 9. Nc3 Nd4 10. Nd5 Bxd5 11. Bxd5 c6 
12. Bxf6 Qxf6 13. Nxd4 Bxd4 14. N@h5 Qh4 15. B@g3 Qg5 16. h4 Qxg3 17. Nxg3 
cxd5 18. Nf5 B@f6 19. N@h5 B@f4 20. Nxf6# 
{Gobi resigns} 1-0

[Event "fics rated crazyhouse match"]
[Site "fics, Oklahoma City, OK USA"]
[Date "2000.11.24"]
[White "Gobi"]
[WhiteElo "2311"]
[Black "jiggaman"]
[BlackElo "2301"]
[TimeControl "60+0"]
[Result "1-0"]

1. e4 Nf6 2. e5 Nd5 3. Nc3 Nxc3 4. dxc3 Nc6 5. Nf3 d6 6. Bb5 
e6 7. Bf4 d5 8. Bg5 Be7 9. Bxc6+ bxc6 10. Bxe7 Qxe7 11. N@h5 Rg8 
12. B@h4 B@f8 13. Bxe7 Bxe7 14. Nxg7+ Rxg7 15. P@f6 Rxg2 16. fxe7 Kxe7 17. B@f6+ 
Kf8 18. Qxd5 
{jiggaman resigns} 1-0

[Event "fics rated crazyhouse match"]
[Site "fics, Oklahoma City, OK USA"]
[Date "2000.11.24"]
[White "jiggaman"]
[WhiteElo "2288"]
[Black "Gobi"]
[BlackElo "2319"]
[TimeControl "60+0"]
[Result "1-0"]

1. e4 Nf6 2. Nc3 e5 3. Bc4 Nc6 4. Nf3 Bc5 5. O-O O-O 6. d3 
h6 7. Nd5 d6 8. Nxf6+ Qxf6 9. N@h5 Qg6 10. Nh4 N@h3+ 11. Kh1 Qxh5 
12. Qxh5 N@f4 13. Bxf7+ Rxf7 14. Bxf4 Nxf4 15. P@h7+ Kxh7 16. Qxf7 Be6 17. Qxf4 
exf4 18. Q@g6+ Kh8 19. R@h7+ Kg8 20. Qxg7# 
{Gobi checkmated} 1-0

[Event "fics rated crazyhouse match"]
[Site "fics, Oklahoma City, OK USA"]
[Date "2000.11.24"]
[White "jiggaman"]
[WhiteElo "2302"]
[Black "pminear"]
[BlackElo "2428"]
[TimeControl "60+0"]
[Result "0-1"]

1. e4 e5 2. Bc4 Nc6 3. d3 Bc5 4. Nf3 Nf6 5. O-O O-O 6. Bg5 
Be7 7. Nc3 d6 8. h3 Be6 9. Bxf6 Bxf6 10. Nd5 Bxd5 11. exd5 Nd4 
12. Nxd4 exd4 13. B@e6 N@f4 14. Bxf7+ Rxf7 15. P@e6 Rf8 16. N@f7 Qe7 17. Qg4 
B@g6 18. Qxf4 N@e2+ 19. Kh2 Nxf4 20. N@h6+ gxh6 21. Nxh6+ Kh8 22. N@f7+ Rxf7 
23. Nxf7+ Bxf7 24. exf7 N@f3+ 25. Kg3 N@h5+ 26. Kxf3 Q@e2# 
{jiggaman checkmated} 0-1

[Event "fics rated crazyhouse match"]
[Site "fics, Oklahoma City, OK USA"]
[Date "2000.11.24"]
[White "pminear"]
[WhiteElo "2433"]
[Black "jiggaman"]
[BlackElo "2294"]
[TimeControl "60+0"]
[Result "0-1"]

1. e4 e6 2. Nc3 Nc6 3. d4 Bb4 4. a3 Bxc3+ 5. bxc3 Nf6 6. e5 
Nd5 7. c4 Nb6 8. B@g5 N@e7 9. Nf3 h6 10. Bh4 d6 11. exd6 cxd6 
12. c3 P@g5 13. Nxg5 hxg5 14. Bcxg5 N@f5 15. P@h6 gxh6 16. P@g7 Nxg7 17. P@f6 
Ngf5 18. fxe7 Ncxe7 19. Bxe7 Nxe7 20. N@f6+ Kf8 21. N@h7+ Kg7 22. Qd2 Nf5 
23. Bd3 Nxh4 24. Rg1 P@g6 25. Qf4 P@g5 26. Nxg5 hxg5 27. Qxg5 B@e7 28. P@h6+ 
Rxh6 29. Qxh6+ Kxh6 30. R@h7+ Kg5 31. Ne4+ Kf5 32. Ng3+ Kg5 33. P@f4+ Kxf4 
{pminear forfeits on time} 0-1

[Event "fics rated crazyhouse match"]
[Site "fics, Oklahoma City, OK USA"]
[Date "2000.11.24"]
[White "jiggaman"]
[WhiteElo "2311"]
[Black "pminear"]
[BlackElo "2422"]
[TimeControl "60+0"]
[Result "0-1"]

1. e4 e5 2. Bc4 Nc6 3. Nf3 Bc5 4. O-O Nf6 5. d3 O-O 6. Nc3 
d6 7. h3 Be6 8. Bg5 Bxc4 9. dxc4 B@e7 10. Nd5 Nxd5 11. cxd5 Bxg5 
12. Nxg5 Qxg5 13. dxc6 B@g3 14. N@d3 Bgxf2+ 15. Nxf2 P@g3 16. B@c1 gxf2+ 17. Kh2 
N@e3 18. Bxe3 Bxe3 19. N@f3 Bf4+ 20. Kh1 N@g3+ 21. Kh2 Nxf1+ 22. Kh1 N@g3# 
{jiggaman checkmated} 0-1

[Event "fics rated crazyhouse match"]
[Site "fics, Oklahoma City, OK USA"]
[Date "2000.11.24"]
[White "jiggaman"]
[WhiteElo "2303"]
[Black "pminear"]
[BlackElo "2428"]
[TimeControl "60+0"]
[Result "1-0"]

1. e4 e5 2. Bc4 Nc6 3. d3 Bc5 4. Nf3 Nf6 5. O-O O-O 6. Bg5 
Be7 7. h3 d6 8. Nc3 Be6 9. Nd5 Bxd5 10. exd5 Nxd5 11. Bxd5 Bxg5 
12. Nxg5 Qxg5 13. Bxc6 bxc6 14. N@e4 Qd8 15. B@g5 B@e7 16. Bxe7 Qxe7 17. N@f5 
Qd7 18. B@g4 P@e6 19. Nxg7 B@d8 20. Nh5 B@h8 21. P@f6 N@e8 22. B@g7 Nxg7 
23. fxg7 Bxg7 24. N@f6+ Bdxf6 25. Nexf6+ Kh8 26. Nxd7 N@d5 27. Nxg7 B@h6 28. Nh5 
P@g7 29. B@d2 N@f4 30. Bxf4 exf4 31. B@f6 gxf6 32. Ndxf6 Nxf6 33. Nxf6 B@g3 
34. fxg3 fxg3 35. P@g5 B@d4+ 36. Kh1 N@f2+ 37. Rxf2 gxf2 38. gxh6 R@e1+ 39. B@f1 
Bxf6 40. B@g7+ Bxg7 41. hxg7+ Kxg7 42. N@h5+ Kh6 43. Q@g7# 
{pminear checkmated} 1-0